ITL
BLUEVILLE 83'S @ PORTLAND PRIVATEERS
04/15/2027
 
TOP OF THE 1ST
Blueville 83's batting - Pitching for Portland Privateers : RHP Héctor Negrón
Pitching: RHP Héctor Negrón
Batting: LHB Roberto Sandoval 0-0: SINGLE (Groundball, 25) (infield hit)
Batting: RHB Gernot Renner 0-0: Called Strike
0-1: Called Strike
0-2: Ball
1-2: Ball
2-2: Ball
3-2: Strikes out swinging
Roberto Sandoval steals 2nd base
Batter strikes out.
Batting: SHB Caden Keith 0-0: Ball
1-0: Called Strike
1-1: 2-RUN HOME RUN (Flyball, 8RXD), Distance : 440 ft
Batting: RHB Matt Perkins 0-0: Foul Ball, location: 2F
0-1: Called Strike
0-2: Ball
1-2: Ball
2-2: Ball
3-2: Ground out 4-3 (Groundball, 4)
Batting: RHB Pat Haynes 0-0: Ball
1-0: Called Strike
1-1: Ball
2-1: Called Strike
2-2: Ground out 6-3 (Groundball, 56)
Top of the 1st over - 2 run(s), 2 hit(s), 0 error(s), 0 left on base; Blueville 2 - Portland 0
BOTTOM OF THE 1ST
Portland Privateers batting - Pitching for Blueville 83's : LHP Fernando Reyes
Pitching: LHP Fernando Reyes
Batting: RHB Luis Pineda 0-0: Ball
1-0: Hit by Pitch
Batting: RHB Carlos Castro 0-0: Fly out, F8 (Flyball, 89XD)
Batting: LHB Juan Acotia 0-0: Ball
1-0: Swinging Strike
1-1: Ball
2-1: Foul Ball, location: 2F
2-2: Fly out, F8 (Flyball, 8LM)
Batting: SHB Patrick Larson 0-0: Ball
1-0: TRIPLE (Groundball, 3L)
Luis Pineda scores
Batting: RHB Troy Lau 0-0: Called Strike
0-1: Called Strike
0-2: Ball
1-2: Ball
2-2: Ball
3-2: Base on Balls
Batting: RHB Tomás Estrada 0-0: SINGLE (Groundball, 56D)
Patrick Larson scores
Troy Lau to second
Batting: LHB Pedro Padilla 0-0: Fielders Choice at 2nd, 6-4 (Groundball, 6)
Bottom of the 1st over - 2 run(s), 2 hit(s), 0 error(s), 1 left on base; Blueville 2 - Portland 2
TOP OF THE 2ND
Blueville 83's batting - Pitching for Portland Privateers : RHP Héctor Negrón
Batting: LHB António Glaviz 0-0: Swinging Strike
0-1: Ball
1-1: Ball
2-1: Ball
3-1: Foul Ball, location: 2F
3-2: Foul Ball, location: 2F
3-2: SINGLE (Line Drive, 8LS)
Batting: LHB Ron Robinson 0-0: Called Strike
0-1: Ball
1-1: Ball
2-1: SINGLE (Flyball, 7LS)
António Glaviz to second
Batting: LHB Jacob Wright 0-0: Ball
Passed Ball!
António Glaviz to third
Ron Robinson to second
1-0: Foul Ball, location: 2F
1-1: Ball
2-1: Ball
3-1: Base on Balls
Batting: RHB Oliver Lugo 0-0: Ball
1-0: Ball
2-0: Foul Ball, location: 2F
2-1: Ball
3-1: Swinging Strike
3-2: Foul Ball, location: 2F
3-2: Strikes out looking
Batting: LHB Roberto Sandoval 0-0: Ball
1-0: Called Strike
1-1: Ball
2-1: Fly out, F9 (Flyball, 9S)
Batting: RHB Gernot Renner 0-0: Ball
1-0: Fly out, F7 (Line Drive, 7)
Top of the 2nd over - 0 run(s), 2 hit(s), 0 error(s), 3 left on base; Blueville 2 - Portland 2
BOTTOM OF THE 2ND
Portland Privateers batting - Pitching for Blueville 83's : LHP Fernando Reyes
Batting: RHB Jorge Cora 0-0: Called Strike
0-1: Called Strike
0-2: Ball
1-2: Strikes out looking
Batting: RHB José Balina 0-0: Ball
1-0: Ball
2-0: Called Strike
2-1: Fly out, F8 (Flyball, 8RM)
Batting: RHB Luis Pineda 0-0: Ball
1-0: Ball
2-0: Ball
3-0: Called Strike
3-1: Ground out 5-3 (Groundball, 5L)
Bottom of the 2nd over - 0 run(s), 0 hit(s), 0 error(s), 0 left on base; Blueville 2 - Portland 2
TOP OF THE 3RD
Blueville 83's batting - Pitching for Portland Privateers : RHP Héctor Negrón
Batting: SHB Caden Keith 0-0: Ball
1-0: Ball
2-0: Foul Ball, location: 2F
2-1: Ball
3-1: Called Strike
3-2: SINGLE (Line Drive, 4)
Batting: RHB Matt Perkins 0-0: Called Strike
0-1: Swinging Strike
0-2: Ball
1-2: Ball
2-2: Ball
Caden Keith steals 2nd base
3-2: Fly out, F7 (Flyball, 7LM)
Pitching: RHP Tom Clement
Batting: RHB Pat Haynes 0-0: Ball
1-0: Ball
2-0: Foul Ball, location: 2F
2-1: Ball
3-1: Base on Balls
Batting: LHB António Glaviz 0-0: Called Strike
Caden Keith steals 3rd base
Pat Haynes to second
0-1: Reached on error, E9 (Flyball, 9)
Caden Keith scores
Pat Haynes to third
Batting: LHB Ron Robinson 0-0: Ball
1-0: Grounds into double play, 6-4-3 (Groundball, 6)
Top of the 3rd over - 1 run(s), 1 hit(s), 1 error(s), 1 left on base; Blueville 3 - Portland 2
BOTTOM OF THE 3RD
Portland Privateers batting - Pitching for Blueville 83's : LHP Fernando Reyes
Batting: RHB Carlos Castro 0-0: Ball
1-0: Ground out 1-3 (Groundball, P)
Batting: LHB Juan Acotia 0-0: Called Strike
0-1: Called Strike
0-2: SINGLE (Groundball, 34D)
Batting: SHB Patrick Larson 0-0: Swinging Strike
Juan Acotia steals 2nd base
0-1: Ball
1-1: Called Strike
1-2: Ball
2-2: Ball
3-2: Strikes out looking
Batting: RHB Troy Lau 0-0: Ball
1-0: Foul Ball, location: 2F
1-1: Swinging Strike
1-2: Foul Ball, location: 2F
1-2: Ball
2-2: Foul Ball, location: 2F
2-2: Ball
3-2: SINGLE (Groundball, 6D)
Juan Acotia to third
Juan Acotia scores
Batting: RHB Tomás Estrada 0-0: Ball
1-0: Ball
2-0: Ball
3-0: Base on Balls
Troy Lau to second
Batting: LHB Pedro Padilla 0-0: Ball
1-0: Foul Ball, location: 2F
1-1: Fly out, F8 (Flyball, 8LM)
Bottom of the 3rd over - 1 run(s), 2 hit(s), 0 error(s), 2 left on base; Blueville 3 - Portland 3
TOP OF THE 4TH
Blueville 83's batting - Pitching for Portland Privateers : RHP Tom Clement
Batting: LHB Jacob Wright 0-0: SINGLE (Line Drive, 8LS)
Batting: RHB Oliver Lugo 0-0: Called Strike
0-1: Fly out, F9 (Flyball, 89M)
Batting: LHB Roberto Sandoval 0-0: Foul Ball, location: 2F
0-1: Ball
1-1: Ball
2-1: Called Strike
2-2: Ground out 4-3 (Groundball, 34)
Jacob Wright to second
Batting: RHB Gernot Renner 0-0: Ball
1-0: Ball
2-0: Swinging Strike
2-1: Foul Ball, location: 2F
2-2: Ball
3-2: Foul Ball, location: 2F
3-2: Base on Balls
Pitching: RHP Mario Ramos
Batting: SHB Caden Keith 0-0: Ball
1-0: Called Strike
1-1: Fielders Choice at 2nd, 4-6 (Groundball, 34)
Top of the 4th over - 0 run(s), 1 hit(s), 0 error(s), 1 left on base; Blueville 3 - Portland 3
BOTTOM OF THE 4TH
Portland Privateers batting - Pitching for Blueville 83's : LHP Fernando Reyes
Batting: RHB Jorge Cora 0-0: Called Strike
0-1: Foul Ball, location: 2F
0-2: Ball
1-2: Ball
2-2: Strikes out looking
Batting: RHB José Balina 0-0: Swinging Strike
0-1: Foul Ball, location: 2F
0-2: Fly out, F9 (Flyball, 89M)
Batting: RHB Luis Pineda 0-0: Ball
1-0: Called Strike
1-1: Swinging Strike
1-2: Foul Ball, location: 2F
1-2: Ground out 4-3 (Groundball, 34)
Bottom of the 4th over - 0 run(s), 0 hit(s), 0 error(s), 0 left on base; Blueville 3 - Portland 3
TOP OF THE 5TH
Blueville 83's batting - Pitching for Portland Privateers : RHP Mario Ramos
Batting: RHB Matt Perkins 0-0: Ball
1-0: SOLO HOME RUN (Flyball, 7LD), Distance : 322 ft
Batting: RHB Pat Haynes 0-0: Called Strike
0-1: Ball
1-1: Foul Ball, location: 2F
1-2: Fly out, F8 (Line Drive, 8LM)
Batting: LHB António Glaviz 0-0: SOLO HOME RUN (Flyball, 9D), Distance : 384 ft
Batting: LHB Ron Robinson 0-0: Ball
1-0: Ball
2-0: Ball
3-0: Called Strike
3-1: Fly out, F6 (Popup, 6D)
Batting: LHB Jacob Wright 0-0: Ball
1-0: Foul Ball, location: 2F
1-1: SINGLE (Groundball, 34D)
Batting: RHB Oliver Lugo 0-0: Ball
1-0: Foul Ball, location: 2F
1-1: Ball
2-1: Ball
3-1: Called Strike
3-2: Base on Balls
Jacob Wright to second
Batting: LHB Roberto Sandoval 0-0: Foul Ball, location: 2F
0-1: Fly out, F7 (Flyball, 78D)
Top of the 5th over - 2 run(s), 3 hit(s), 0 error(s), 2 left on base; Blueville 5 - Portland 3
BOTTOM OF THE 5TH
Portland Privateers batting - Pitching for Blueville 83's : LHP Fernando Reyes
Batting: RHB Carlos Castro 0-0: Called Strike
0-1: Foul Ball, location: 2F
0-2: SINGLE (Flyball, 9LS)
Batting: LHB Juan Acotia 0-0: Foul Ball, location: 2F
0-1: Ball
1-1: Swinging Strike
1-2: Strikes out swinging
Batting: SHB Patrick Larson 0-0: DOUBLE (Line Drive, 7LM)
Carlos Castro to third
Batting: RHB Troy Lau 0-0: Foul Ball, location: 2F
0-1: Fly out, F8 (Flyball, 78S)
Batting: RHB Tomás Estrada 0-0: Ground out 5-3 (Groundball, 56S)
Bottom of the 5th over - 0 run(s), 2 hit(s), 0 error(s), 2 left on base; Blueville 5 - Portland 3
TOP OF THE 6TH
Blueville 83's batting - Pitching for Portland Privateers : RHP Mario Ramos
Pitching: RHP Dae-hee Ch'oe
Batting: RHB Gernot Renner 0-0: Swinging Strike
0-1: Swinging Strike
0-2: Strikes out swinging
Batting: SHB Caden Keith 0-0: Foul Ball, location: 2F
0-1: Ball
1-1: Called Strike
1-2: Foul Ball, location: 2F
1-2: Strikes out looking
Batting: RHB Matt Perkins 0-0: Called Strike
0-1: Foul Ball, location: 2F
0-2: Strikes out swinging
Top of the 6th over - 0 run(s), 0 hit(s), 0 error(s), 0 left on base; Blueville 5 - Portland 3
BOTTOM OF THE 6TH
Portland Privateers batting - Pitching for Blueville 83's : LHP Fernando Reyes
Pitching: RHP José Ruíz
Batting: LHB Pedro Padilla 0-0: Called Strike
0-1: Foul Ball, location: 2F
0-2: Strikes out swinging
Batting: RHB Jorge Cora 0-0: Called Strike
0-1: Ball
1-1: Ball
2-1: Ground out 4-3 (Groundball, 34)
Batting: RHB José Balina 0-0: Called Strike
0-1: Swinging Strike
0-2: Strikes out swinging
Bottom of the 6th over - 0 run(s), 0 hit(s), 0 error(s), 0 left on base; Blueville 5 - Portland 3
TOP OF THE 7TH
Blueville 83's batting - Pitching for Portland Privateers : RHP Dae-hee Ch'oe
Batting: RHB Pat Haynes 0-0: Foul Ball, location: 2F
0-1: Ball
1-1: Swinging Strike
1-2: SINGLE (Groundball, 56D)
Batting: LHB António Glaviz 0-0: Bunted foul
0-1: Ball
1-1: Bunt missed!
1-2: Fly out, F7 (Line Drive, 78XD)
Batting: LHB Ron Robinson 0-0: Foul Ball, location: 2F
0-1: Fly out, F3 (Line Drive, 34)
Batting: LHB Jacob Wright 0-0: Foul Ball, location: 2F
0-1: Ball
1-1: Ball
2-1: Ball
3-1: Called Strike
3-2: Base on Balls
Pat Haynes to second
Batting: RHB Oliver Lugo 0-0: Ball
1-0: Ball
2-0: Called Strike
2-1: Foul Ball, location: 2F
2-2: Fly out, F9 (Flyball, 89S)
Top of the 7th over - 0 run(s), 1 hit(s), 0 error(s), 2 left on base; Blueville 5 - Portland 3
BOTTOM OF THE 7TH
Portland Privateers batting - Pitching for Blueville 83's : RHP José Ruíz
Batting: RHB Luis Pineda 0-0: Called Strike
0-1: Swinging Strike
0-2: Ball
1-2: Ground out 5-3 (Groundball, 56S)
Batting: RHB Carlos Castro 0-0: Hit by Pitch
Batting: LHB Juan Acotia 0-0: Called Strike
0-1: Called Strike
0-2: Ball
1-2: SINGLE (Groundball, 4) (infield hit)
Carlos Castro to second
Pinch Hitting: LHB Yasuhiko Onodera 0-0: Called Strike
0-1: Ball
1-1: Called Strike
1-2: Ball
2-2: Strikes out looking
Batting: RHB Troy Lau 0-0: Foul Ball, location: 2F
0-1: Ball
1-1: Ball
2-1: Ball
3-1: Ground out 6-3 (Groundball, 6S)
Bottom of the 7th over - 0 run(s), 1 hit(s), 0 error(s), 2 left on base; Blueville 5 - Portland 3
TOP OF THE 8TH
Blueville 83's batting - Pitching for Portland Privateers : RHP Dae-hee Ch'oe
Now at 2B: Yasuhiko Onodera
Batting: LHB Roberto Sandoval 0-0: Ball
1-0: Called Strike
1-1: Ground out 6-3 (Groundball, 6)
Batting: RHB Gernot Renner 0-0: Ball
1-0: Foul Ball, location: 2F
1-1: Ball
2-1: Ground out U3 (Groundball, 34)
Batting: SHB Caden Keith 0-0: Ball
1-0: Called Strike
1-1: Foul Ball, location: 2F
1-2: Ball
2-2: Ball
3-2: SOLO HOME RUN (Flyball, 89XD), Distance : 418 ft
Pitching: RHP Ricardo Ontiveros
Batting: RHB Matt Perkins 0-0: Ball
1-0: Called Strike
1-1: Foul Ball, location: 2F
1-2: Ball
2-2: Strikes out swinging
Top of the 8th over - 1 run(s), 1 hit(s), 0 error(s), 0 left on base; Blueville 6 - Portland 3
BOTTOM OF THE 8TH
Portland Privateers batting - Pitching for Blueville 83's : RHP José Ruíz
Pitching: RHP Félix Rivera
Batting: RHB Tomás Estrada 0-0: Bunt for hit - play at first, batter OUT! 3-4
Batting: LHB Pedro Padilla 0-0: Foul Ball, location: 2F
0-1: Foul Ball, location: 2F
0-2: Foul Ball, location: 2F
0-2: Ball
1-2: Ball
2-2: Foul Ball, location: 2F
2-2: SINGLE (Groundball, 6M) (infield hit)
Batting: RHB Jorge Cora 0-0: Ball
1-0: Ball
2-0: Foul Ball, location: 2F
2-1: Called Strike
2-2: Fly out, F8 (Flyball, 8RD)
Batting: RHB José Balina 0-0: Fielders Choice at 2nd, 6-4 (Groundball, 6)
Bottom of the 8th over - 0 run(s), 1 hit(s), 0 error(s), 0 left on base; Blueville 6 - Portland 3
TOP OF THE 9TH
Blueville 83's batting - Pitching for Portland Privateers : RHP Ricardo Ontiveros
Batting: RHB Pat Haynes 0-0: Ball
1-0: Called Strike
1-1: Ball
2-1: Ball
3-1: Swinging Strike
3-2: Foul Ball, location: 2F
3-2: Base on Balls
Batting: LHB António Glaviz 0-0: Ball
1-0: Ground out 5-3 (Groundball, 5S)
Pat Haynes to second
Batting: LHB Ron Robinson 0-0: Ball
1-0: Ball
2-0: Foul Ball, location: 2F
2-1: Foul Ball, location: 2F
2-2: Ball
3-2: Foul Ball, location: 2F
3-2: SINGLE (Line Drive, 34)
Pat Haynes to third
Batting: LHB Jacob Wright 0-0: Ball
1-0: Grounds into double play, 4-6-3 (Groundball, 4)
Top of the 9th over - 0 run(s), 1 hit(s), 0 error(s), 1 left on base; Blueville 6 - Portland 3
BOTTOM OF THE 9TH
Portland Privateers batting - Pitching for Blueville 83's : RHP Félix Rivera
Pitching: RHP Santiago González
Batting: RHB Luis Pineda 0-0: Called Strike
0-1: Foul Ball, location: 2F
0-2: Ball
1-2: Foul Ball, location: 2F
1-2: Strikes out swinging
Batting: RHB Carlos Castro 0-0: Ground out 3-1 (Groundball, 34S)
Batting: LHB Juan Acotia 0-0: Called Strike
0-1: Ball
1-1: Foul Ball, location: 2F
1-2: Strikes out looking
Bottom of the 9th over - 0 run(s), 0 hit(s), 0 error(s), 0 left on base; Blueville 6 - Portland 3
Thursday, March 30th, 2017 - OOTP Baseball 17.12 Build 75